 Dungeon Crawl Stone Soup version 0.29-a0-892-g2c4c91d9db (webtiles) character file.

Game seed: 1284516451413350926

851 Pooter the Ruffian (level 8, 0/60 HPs)
             Began as a Gnoll Wanderer on July 22, 2022.
             Was a Follower of Makhleb.
             Slain by a killer bee (5 damage)
             ... on level 5 of the Dungeon.
             The game lasted 00:45:02 (8887 turns).

Pooter the Ruffian (Gnoll Wanderer)                 Turns: 8887, Time: 00:45:02

Health: 0/60       AC:  7    Str: 18    XL:     8   Next: 1%
Magic:  12/12      EV:  9    Int:  8    God:    Makhleb [*.....]
Gold:   240        SH:  9    Dex: 11    Spells: 13/13 levels left

rFire   + . .      SeeInvis .   a - +0 war axe
rCold   + . .      Faith    .   m - +0 kite shield
rNeg    . . .      Spirit   .   k - +0 scale mail
rPois   .          Reflect  .   (no helmet)
rElec   .          Harm     .   r - scarf {rC+ rF+}
rCorr   .          Rampage  .   (no gloves)
Will    .....                   w - +0 pair of boots
Stlth   +.........              g - amulet of the acrobat
HPRegen 0.20/turn               (no ring)
MPRegen 0.13/turn               (no ring)

@: lethally poisoned (0 -> -5)
A: fangs 1, strong nose, distributed training
a: Renounce Religion


You were on level 5 of the Dungeon.
You worshipped Makhleb.
Makhleb was aware of your devotion.
You visited 1 branch of the dungeon, and saw 5 of its levels.

You collected 240 gold pieces.

Inventory:

Hand Weapons
 a - a +0 war axe (weapon)
   (You took it off a kobold on level 4 of the Dungeon)
 b - a +0 sling
   (You took it off a goblin on level 3 of the Dungeon)
 v - a +1 hand axe of freezing
   (You took it off an orc priest on level 3 of the Dungeon)
 x - a +0 mace
 y - a +0 flail
   (You took it off an orc on level 3 of the Dungeon)
 F - a +3 hand axe of electrocution
   (You took it off an orc on level 3 of the Dungeon)
Missiles
 G - 7 poisoned darts
 Q - 44 stones (quivered)
Armour
 k - a +0 scale mail (worn)
   (You took it off an orc on level 3 of the Dungeon)
 m - a +0 kite shield (worn)
   (You found it on level 1 of the Dungeon)
 p - a +0 helmet
   (You took it off Robin on level 4 of the Dungeon)
 r - a scarf of resistance (worn)
   (You found it on level 3 of the Dungeon)
 w - a +0 pair of boots (worn)
   (You found it on level 3 of the Dungeon)
Jewellery
 g - an amulet of the acrobat (around neck)
   (You found it on level 1 of the Dungeon)
 h - a ring of ice
   (You found it on level 1 of the Dungeon)
 j - a ring of fire
   (You found it on level 2 of the Dungeon)
Wands
 d - a wand of iceblast (1)
   (You found it on level 4 of the Dungeon)
 C - a wand of polymorph (3)
   (You took it off Robin on level 4 of the Dungeon)
Scrolls
 e - a scroll of silence
 i - 2 scrolls of immolation {!r}
 n - a scroll of fog
 q - 2 scrolls of teleportation {unknown}
 A - 2 scrolls of magic mapping {unknown}
 B - 2 scrolls of identify {unknown}
Potions
 f - a potion of attraction {unknown}
 l - a potion of brilliance
 o - 3 potions of heal wounds {@q2}
 s - a potion of lignification {unknown}
 t - 2 potions of curing {@q1}
 z - a potion of degeneration {unknown}
 D - a potion of cancellation {unknown}
 E - 2 potions of flight {unknown}


   Skills:
 + Level 4.0 Fighting
 + Level 3.0 Short Blades
 + Level 3.0 Long Blades
 + Level 3.0 Axes
 + Level 5.5 Maces & Flails
 + Level 3.0 Polearms
 + Level 3.0 Staves
 + Level 3.0 Ranged Weapons
 + Level 3.0 Throwing
 + Level 3.0 Armour
 + Level 3.0 Dodging
 + Level 3.0 Stealth
 + Level 7.2 Shields
 + Level 7.2 Unarmed Combat
 + Level 3.0 Spellcasting
 + Level 2.4 Conjurations
 + Level 2.4 Hexes
 + Level 2.4 Summonings
 + Level 2.4 Necromancy
 + Level 2.4 Translocations
 + Level 2.4 Transmutations
 + Level 2.4 Fire Magic
 + Level 2.4 Ice Magic
 + Level 2.4 Air Magic
 + Level 2.4 Earth Magic
 + Level 2.4 Poison Magic
 + Level 3.2 Invocations
 + Level 4.0 Evocations


You had 13 spell levels left.
You didn't know any spells.
Your spell library contained the following spells:

 Spells                   Type           Power      Damage    Failure   Level
 Sting                    Tmut/Pois      20%        1d4       69%         1
 Poisonous Vapours        Pois/Air       10%        N/A       83%         2
 Corpse Rot               Necr/Pois/Air  5%         N/A       100%        4
 Olgreb's Toxic Radiance  Pois           5%         N/A       100%        4


Dungeon Overview and Level Annotations

Branches:
Dungeon (5/15)
 Temple: D:4-7

Altars:
Makhleb


Innate Abilities, Weirdness & Mutations

You have very sharp teeth.
Your uncanny sense of smell can sniff out nearby items.
Your experience applies equally to all skills.


Message History

As you read the scroll of blinking, it crumbles to dust.
Throw: 8 darts (poison)
Aim: a killer bee (moderately wounded, 26% to hit)
You throw a poisoned dart.
The poisoned dart barely misses the killer bee.
Okay, then.
Aim: a killer bee (moderately wounded)
The mass of ice explodes!
The iceblast engulfs the killer bee!
You kill the killer bee!
Makhleb accepts your kill.
Your Fighting skill increases to level 4!
Your Short Blades skill increases to level 3!
Your Long Blades skill increases to level 3!
Your Axes skill increases to level 3!
Your Polearms skill increases to level 3!
Your Staves skill increases to level 3!
Your Ranged Weapons skill increases to level 3!
Your Throwing skill increases to level 3!
Your Armour skill increases to level 3!
Your Dodging skill increases to level 3!
Your Stealth skill increases to level 3!
Your Spellcasting skill increases to level 3!
Your Evocations skill increases to level 4!
You have reached level 8!
You feel stronger.
Aim: a killer bee The mass of ice explodes!
The iceblast engulfs the killer bee!
Your attack snaps the killer bee out of its fear.
You hear a shout!
The killer bee stings you but does no damage.
You closely miss the killer bee. Your bite misses the killer bee.
The killer bee stings you but does no damage.
The killer bee barely misses you. The killer bee closely misses you.
You hit the killer bee. The killer bee stings you.
* * * LOW HITPOINT WARNING * * *
You are poisoned.
The killer bee poisons you! The killer bee closely misses you.
The killer bee stings you.
* * * LOW HITPOINT WARNING * * *
You barely miss the killer bee.
* * * LOW HITPOINT WARNING * * *
You feel very sick. You block the killer bee's attack. x3
Unknown command.
Unknown command.
You miss the killer bee.
You bite the killer bee, but do no damage.
* * * LOW HITPOINT WARNING * * *
You feel sick. You block the killer bee's attack. The killer bee stings you.
You die...

###########..##.#
#.....### .
##......######...
...................
##.....#..#..#####
###...##....#####
...#.####....>.#
.####.# #.####.## .
#@# #.......#
######y#####......#
.......|...........#
######...###........
###.###......##
#(..y##.#### ####.#
.# #y.#.. ##..#.#


You could see a killer bee.

Vanquished Creatures
  Eustachio (D:4)
  A kobold brigand (D:4)
  A scorpion (D:4)
  A killer bee (D:5)
  3 hounds (D:4)
  An orc priest (D:3)
  17 gnolls
  7 adders
  A worm (D:3)
  6 dart slugs
  5 orcs
  7 endoplasms
  A giant cockroach (D:2)
  30 goblins
  32 hobgoblins
  A quokka (D:2)
  2 ball pythons (D:2)
  2 bats (D:1)
  9 frilled lizards
  29 kobolds
  4 rats
161 creatures vanquished.

Vanquished Creatures (collateral kills)
  Robin (D:4)
  2 kobolds (D:3)
  2 goblins (D:4)
5 creatures vanquished.

Vanquished Creatures (others)
  31 plants (D:4)
31 creatures vanquished.

Grand Total: 197 creatures vanquished

Notes
Turn   | Place    | Note
-------+----------+-------------------------------------------
     0 | D:1      | Pooter the Gnoll Wanderer began the quest for the Orb.
     0 | D:1      | Pooter set off with the following items: a +0 mace, a
                  | scroll of blinking, a scroll of fear, a +0 buckler, a
                  | scroll of silence, a +0 leather armour.
     0 | D:1      | Reached XP level 1. HP: 17/17 MP: 1/1
   119 | D:1      | Found a faded altar of an unknown god.
   363 | D:1      | Reached XP level 2. HP: 10/23 MP: 2/2
  1474 | D:2      | Reached XP level 3. HP: 27/28 MP: 3/3
  1875 | D:2      | Reached skill level 1 in Invocations
  2103 | D:2      | Reached skill level 1 in Short Blades
  2103 | D:2      | Reached skill level 1 in Long Blades
  2103 | D:2      | Reached skill level 1 in Axes
  2103 | D:2      | Reached skill level 1 in Polearms
  2103 | D:2      | Reached skill level 1 in Staves
  2103 | D:2      | Reached skill level 1 in Ranged Weapons
  2103 | D:2      | Reached skill level 1 in Throwing
  2103 | D:2      | Reached skill level 1 in Armour
  2103 | D:2      | Reached skill level 1 in Dodging
  2103 | D:2      | Reached skill level 1 in Stealth
  2103 | D:2      | Reached skill level 1 in Spellcasting
  2226 | D:2      | Reached XP level 4. HP: 27/34 MP: 5/5
  2231 | D:2      | Reached skill level 1 in Conjurations
  2231 | D:2      | Reached skill level 1 in Hexes
  2231 | D:2      | Reached skill level 1 in Summonings
  2231 | D:2      | Reached skill level 1 in Necromancy
  2231 | D:2      | Reached skill level 1 in Translocations
  2231 | D:2      | Reached skill level 1 in Transmutations
  2231 | D:2      | Reached skill level 1 in Fire Magic
  2231 | D:2      | Reached skill level 1 in Ice Magic
  2231 | D:2      | Reached skill level 1 in Air Magic
  2231 | D:2      | Reached skill level 1 in Earth Magic
  2231 | D:2      | Reached skill level 1 in Poison Magic
  3272 | D:3      | Reached XP level 5. HP: 32/40 MP: 5/7
  5608 | D:3      | Reached XP level 6. HP: 23/47 MP: 8/8
  5621 | D:3      | Reached skill level 5 in Maces & Flails
  6433 | D:4      | Found a burning altar of Makhleb.
  6438 | D:4      | Became a worshipper of Makhleb the Destroyer
  6456 | D:4      | Reached XP level 7. HP: 46/52 MP: 10/10
  6671 | D:4      | Noticed Robin
  6713 | D:4      | Killed Robin
  7247 | D:4      | Noticed Eustachio
  7281 | D:4      | Killed Eustachio
  7850 | D:4      | Reached * piety under Makhleb
  8824 | D:5      | Entered Level 5 of the Dungeon
  8883 | D:5      | Reached XP level 8. HP: 14/60 MP: 12/12
  8887 | D:5      | Slain by a killer bee

Illustrated notes

Levels and vault maps discovered:
D:1:      dpeg_arrival_erosion, layout_loops_corners,
          hellmonk_ecumenical_altar_blasted, minmay_misc_feat_nine_boxes
D:2:      minmay_chambers_of_ones, layout_loops_cross, minivault_23,
          wander_ebering_terrifying_dragon_lair
D:3:      minmay_goblin_kobold_castle, layout_basic
D:4:      kennysheep_kobold_camp, layout_layer_cave, lightli_temple_of_fire,
          serial_co_window_serial, co_window_paths_a, co_window_paths_a,
          co_window_corner_a, co_window_corner_a, co_window_paths_a,
          co_window_corner_cb, co_window_broadway_a, co_window_of_opportunity_c,
          co_window_of_opportunity_b, co_window_2corner, co_window_broadway_b,
          co_window_paths_d, minmay_stone_trees_small, uniq_eustachio,
          uniq_robin
D:5:      layout_rooms, nicolae_tso_besieged_by_evil,
          nicolae_overflow_hallway_of_the_gods, minmay_temple_entry_glassed_door

Skill      XL: |  1  2  3  4  5  6  7 |
---------------+----------------------+-----
Invocations    | 1 2 3 |  3.2
Short Blades   | 1 2 3 |  3.0
Long Blades    | 1 2 3 |  3.0
Axes           | 1 2 3 |  3.0
Polearms       | 1 2 3 |  3.0
Staves         | 1 2 3 |  3.0
Ranged Weapons | 1 2 3 |  3.0
Throwing       | 1 2 3 |  3.0
Armour         | 1 2 3 |  3.0
Dodging        | 1 2 3 |  3.0
Stealth        | 1 2 3 |  3.0
Spellcasting   | 1 2 3 |  3.0
Conjurations   | 1 2 |  2.4
Hexes          | 1 2 |  2.4
Summonings     | 1 2 |  2.4
Necromancy     | 1 2 |  2.4
Translocations | 1 2 |  2.4
Transmutations | 1 2 |  2.4
Fire Magic     | 1 2 |  2.4
Ice Magic      | 1 2 |  2.4
Air Magic      | 1 2 |  2.4
Earth Magic    | 1 2 |  2.4
Poison Magic   | 1 2 |  2.4
Fighting       | 3 4 |  4.0
Evocations     | 3 4 |  4.0
Maces & Flails | 5 |  5.5
Shields        | 7 |  7.2
Unarmed Combat | 7 |  7.2

Action                   |  1- 3 |  4- 6 |  7- 9 || total
-------------------------+-------+-------+-------++-------
Melee: Mace              |    62 |    74 |       ||   136
       Short sword       |    52 |       |       ||    52
       Bite              |     4 |    13 |    16 ||    33
       Hand axe          |       |   108 |    75 ||   183
       War axe           |       |       |    53 ||    53
       Unarmed           |       |       |    14 ||    14
 Fire: Sling             |       |    37 |    29 ||    66
Throw: Stone             |    17 |     3 |       ||    20
       Dart              |       |       |     1 ||     1
Evoke: Wand              |       |       |     2 ||     2
  Use: Potion            |     3 |     1 |       ||     4
       Scroll            |       |     2 |     5 ||     7
 Stab: Sleeping          |       |     2 |       ||     2
Armor: Leather armour    |    19 |     2 |       ||    21
       Scale mail        |       |    42 |    38 ||    80
Dodge: Dodged            |    57 |    77 |    67 ||   201
Block: Buckler           |     8 |       |       ||     8
       Kite shield       |    38 |   102 |    55 ||   195

Table legend: (Time is in decaauts)
 A = Elapsed time spent in this place.
 B = Non-inter-level travel time spent in this place.
 C = Inter-level travel time spent in this place.
 D = Time resting spent in this place.
 E = Time spent auto-exploring this place.
 F = Levels seen in this place.
 G = Mean time per level.
                   A        B        C        D        E       F      G
               +--------+--------+--------+--------+--------+-----+--------+
         Total |   9057 |   8482 |    575 |   3220 |   3360 |   5 | 1811.4 |
       Dungeon |   9057 |   8482 |    575 |   3220 |   3360 |   5 | 1811.4 |
               +--------+--------+--------+--------+--------+-----+--------+

Top non-repeatable levels by time:
     D:3: 3412 daAuts
     D:4: 2583 daAuts
     D:2: 1645 daAuts
     D:1: 1346 daAuts
     D:5: 70 daAuts
